 Dungeon Crawl Stone Soup version 0.30-a0-5-g3a90980b9d (webtiles) character file.

Game seed: 4923276217421149757

614 BritishOli the Trooper (level 7, -2/57 HPs)
             Began as a Demonspawn Fighter on Aug 22, 2022.
             Slain by an adder (3 damage)
             ... on level 3 of the Dungeon.
             The game lasted 00:04:31 (4091 turns).

BritishOli the Trooper (Demonspawn Fighter)         Turns: 4091, Time: 00:04:32

Health: -2/57      AC:  0    Str: 18    XL:     7   Next: 20%
Magic:  7/7        EV:  5    Int:  9    God:
Gold:   178        SH:  4    Dex: 13    Spells: 6/6 levels left

rFire   . . .      SeeInvis .    s - +4 falchion
rCold   . . .      Faith    .    c - +0 buckler
rNeg    . . .      Spirit   .    j - +0 plate armour
rPois   .          Reflect  .    (helmet restricted)
rElec   .          Harm     .    (no cloak)
rCorr   .          Rampage  .    (no gloves)
Will    .....                    (no boots)
Stlth   ..........               i - amulet of magic regeneration
HPRegen 0.19/turn                (no ring)
MPRegen 0.50/turn                (no ring)

@: lethally poisoned (-2 -> -7), corroded
A: horns 1, demonic guardian 1, demonic touch 1
a: no special abilities


You were on level 3 of the Dungeon.
You visited 1 branch of the dungeon, and saw 4 of its levels.

You collected 178 gold pieces.

Inventory:

Hand Weapons
 a - a +0 long sword
 h - a +2 short sword of speed
 s - a +4 falchion (weapon)
Missiles
 w - a throwing net (quivered)
Armour
 b - a +0 scale mail
 c - a +0 buckler (worn)
 j - a +0 plate armour (worn)
Jewellery
 i - an amulet of magic regeneration (around neck)
Wands
 q - a wand of mindburst (15)
 v - a wand of digging (3)
Scrolls
 k - a scroll of vulnerability {unknown}
 l - a scroll of fog {unknown}
 m - a scroll of blinking {unknown}
 o - a scroll of enchant weapon {unknown}
 p - a scroll of amnesia {unknown}
 t - 2 scrolls of identify {unknown}
 x - a scroll of teleportation {unknown}
Potions
 d - a potion of might
 e - 2 potions of heal wounds {unknown}
 f - a potion of attraction {unknown}
 g - 2 potions of magic {unknown}
 n - 3 potions of curing {unknown}
 r - a potion of mutation {unknown}
 u - a potion of ambrosia {unknown}


   Skills:
 + Level 5.9 Fighting
 + Level 4.9 Long Blades
 - Level 3.3 Armour
 - Level 3.3 Shields


You had 6 spell levels left.
You didn't know any spells.
Your spell library contained the following spells:

 Spells                   Type           Power      Damage    Failure   Level
 Static Discharge         Conj/Air       0%         3-3/arc   100%        2
 Dispel Undead            Necr           0%         3d6       100%        4
 Sticky Flame             Conj/Fire      0%         2d3       100%        4


Dungeon Overview and Level Annotations

Branches:
Dungeon (4/15)
 Temple: D:4-7

Altars:


Innate Abilities, Weirdness & Mutations

You have a pair of small horns on your head.
A weak demonic guardian rushes to your aid.
Your touch may inflict minor irresistible damage on your foes.


Message History

The adder completely misses you. You block the adder's attack.
A mysterious force pulls you upwards. The hatch slams shut behind you.
You are too injured to fight recklessly!
You are too injured to fight recklessly!
You are too injured to fight recklessly!
You are too injured to fight recklessly!
You are too injured to fight recklessly!
You hit the adder.
The adder is lightly wounded.
The adder bites you.
You closely miss the adder.
The adder is lightly wounded.
The adder bites you.
You are poisoned.
The adder poisons you! The adder barely misses you.
You hit the adder but do no damage.
The adder is lightly wounded.
You feel sick. The adder bites you.
* * * LOW HITPOINT WARNING * * *
You closely miss the adder.
The adder is lightly wounded.
You feel sick. The adder bites you.
* * * LOW HITPOINT WARNING * * *
The adder bites you.
* * * LOW HITPOINT WARNING * * *
A demonic guardian appears!
You are more poisoned.
The adder poisons you!
You hit the adder.
The adder is heavily wounded.
* * * LOW HITPOINT WARNING * * *
You feel sick. The adder bites you.
* * * LOW HITPOINT WARNING * * *
You miss the adder.
The adder is heavily wounded.
* * * LOW HITPOINT WARNING * * *
You feel sick. The adder bites you.
* * * LOW HITPOINT WARNING * * *
The adder bites you.
You die...

# #.###### ##
#.#....# .##
#.#.##.#
..####.#....######
..........#......#
....#.......####.#
...#........# #.#
..###...##### #S#
.## ##.## #@# ## #.#
#5# # #.# #.# ##
##+## #.# .# ##...##
#.## .###.....##
#..# .##.......##
##..#
.#.........####...##
.'.........+.......#


You could see an adder (ally target) and a friendly ufetubus (summoned).

Vanquished Creatures
  The ghost of Plasmagod the Chopper, an amateur HOFi (D:3)
  A phantom (D:3)
  A hound (D:3)
  A jelly (D:2)
  9 gnolls
  4 adders
  A worm (D:2)
  9 orcs (D:3)
  7 endoplasms
  7 giant cockroaches
  8 goblins
  4 hobgoblins
  3 jackals (D:1)
  8 kobolds
  3 quokkas
  8 ball pythons
  7 bats
  3 frilled lizards
  7 rats
92 creatures vanquished.

Vanquished Creatures (collateral kills)
  Sigmund (D:4)
  A gnoll (D:4)
  A dart slug (D:1)
  An endoplasm (D:1)
  A kobold (D:1)
5 creatures vanquished.

Grand Total: 97 creatures vanquished

Notes
Turn   | Place    | Note
-------+----------+-------------------------------------------
     0 | D:1      | BritishOli the Demonspawn Fighter began the quest for the
                  | Orb.
     0 | D:1      | Reached XP level 1. HP: 18/18 MP: 1/1
    78 | D:1      | Gained mutation: A weak demonic guardian rushes to your
                  | aid. [demonic ancestry]
    78 | D:1      | Reached XP level 2. HP: 18/24 MP: 2/2
   295 | D:1      | Found a faded altar of an unknown god.
   784 | D:1      | Reached XP level 3. HP: 15/29 MP: 3/3
  1316 | D:2      | Reached XP level 4. HP: 35/35 MP: 4/4
  1866 | D:3      | Reached skill level 4 in Fighting
  2141 | D:3      | Discovered your monstrous ancestry.
  2141 | D:3      | Gained mutation: You have a pair of small horns on your
                  | head. [demonic ancestry]
  2141 | D:3      | Reached XP level 5. HP: 38/42 MP: 5/5
  2454 | D:3      | Found a runed translucent door.
  2455 | D:3      | Noticed Plasmagod's ghost (amateur HOFi)
  2544 | D:3      | Noticed a phantom
  2551 | D:3      | Killed a phantom
  2926 | D:3      | Reached XP level 6. HP: 36/49 MP: 6/6
  3386 | D:3      | Reached skill level 5 in Fighting
  3404 | D:3      | Killed Plasmagod's ghost
  3690 | D:4      | Noticed Sigmund
  3715 | D:4      | Killed Sigmund
  3716 | D:4      | Gained mutation: Your touch may inflict minor irresistible
                  | damage on your foes. [demonic ancestry]
  3716 | D:4      | Reached XP level 7. HP: 3/57 MP: 7/7
  4091 | D:3      | HP: 1/57 [adder (4)]
  4091 | D:3      | Slain by an adder

Illustrated notes

Levels and vault maps discovered:
D:1:      dpeg_arrival_round_b, layout_basic, hellmonk_ecumenical_altar_run_dry,
          st_stairs_5
D:2:      layout_basic, hangedman_decor_riveting
D:3:      layout_loops_corners, gup_sewer_entry_spiral, ebering_ghost_sewer_d
D:4:      layout_cave_pools, zin_treasury, minmay_temple_entry_fiery,
          uniq_sigmund

Skill      XL: |  1  2  3  4  5  6 |
---------------+-------------------+-----
Long Blades    | 2 3 4 |  4.9
Shields        | 3 |  3.3
Armour         | 3 |  3.3
Fighting       | 4 5 |  5.9

Action                   |  1- 3 |  4- 6 |  7- 9 || total
-------------------------+-------+-------+-------++-------
Melee: Long sword        |    51 |       |       ||    51
       Short sword       |    33 |   128 |       ||   161
       Falchion          |       |    97 |    19 ||   116
       Headbutt          |       |    23 |     3 ||    26
Armor: Scale mail        |    36 |     9 |       ||    45
       Plate armour      |       |   117 |     6 ||   123
Dodge: Dodged            |    37 |    62 |     7 ||   106
Block: Buckler           |    17 |    39 |     7 ||    63

Table legend: (Time is in decaauts)
 A = Elapsed time spent in this place.
 B = Non-inter-level travel time spent in this place.
 C = Inter-level travel time spent in this place.
 D = Time resting spent in this place.
 E = Time spent auto-exploring this place.
 F = Levels seen in this place.
 G = Mean time per level.
                   A        B        C        D        E       F      G
               +--------+--------+--------+--------+--------+-----+--------+
         Total |   4123 |   4040 |     83 |    554 |   2846 |   4 | 1030.8 |
       Dungeon |   4123 |   4040 |     83 |    554 |   2846 |   4 | 1030.8 |
               +--------+--------+--------+--------+--------+-----+--------+

Top non-repeatable levels by time:
     D:3: 2185 daAuts
     D:1: 1154 daAuts
     D:2: 674 daAuts
     D:4: 108 daAuts
